 Dungeon Crawl Stone Soup version 0.29.0-7-g18a832c13a (webtiles) character file.

Game seed: 10875719993761293162

118 blackman the Trooper (level 4, -1/39 HPs)
             Began as a Demonspawn Fighter on Aug 31, 2022.
             Slain by an ice beast (13 damage)
             ... on level 3 of the Dungeon.
             The game lasted 00:06:35 (3009 turns).

blackman the Trooper (Demonspawn Fighter)           Turns: 3009, Time: 00:06:36

Health: -1/39      AC:  6    Str: 25    XL:     4   Next: 72%
Magic:  4/4        EV: 13    Int:  9    God:
Gold:   159        SH:  4    Dex: 12    Spells: 3/3 levels left

rFire   . . .      SeeInvis .   s - +0 spear (flame)
rCold   . . .      Faith    .   c - +0 buckler
rNeg    . . .      Spirit   .   b - +0 scale mail
rPois   .          Reflect  .   (helmet restricted)
rElec   .          Harm     .   (no cloak)
rCorr   .          Rampage  .   (no gloves)
Will    .....                   (no boots)
Stlth   ..........              (no amulet)
HPRegen 0.13/turn               l - +6 ring of strength
MPRegen 0.09/turn               t - +4 ring of evasion

@: no status effects
A: antennae 1, powered by death 1, demonic magic 1
a: no special abilities


You were on level 3 of the Dungeon.
You visited 1 branch of the dungeon, and saw 3 of its levels.

You collected 159 gold pieces.

Inventory:

Hand Weapons
 a - a +0 war axe
 s - a +0 spear of flaming (weapon)
Armour
 b - a +0 scale mail (worn)
 c - a +0 buckler (worn)
Jewellery
 l - a +6 ring of strength (left hand)
 o - a ring of protection from fire
 r - a ring of magical power
 t - a +4 ring of evasion (right hand)
Scrolls
 e - 2 scrolls of enchant weapon
 m - a scroll of noise
 u - a scroll of amnesia
 v - a scroll of silence {unknown}
 w - a scroll of brand weapon {unknown}
Potions
 d - a potion of might
 f - a potion of cancellation {unknown}
 g - 2 potions of curing {unknown}
 h - a potion of haste {unknown}
 k - a potion of heal wounds {unknown}
 p - a potion of berserk rage {unknown}
 q - 2 potions of flight {unknown}


   Skills:
 + Level 5.2 Fighting
 - Level 1.7 Axes
 - Level 2.9 Armour
 - Level 2.9 Shields


You had 3 spell levels left.
You didn't know any spells.
Your spell library contained the following spells:

 Spells                   Type           Power      Damage    Failure   Level
 Poisonous Vapours        Pois/Air       0%         N/A       88%         2
 Ozocubu's Armour         Ice            0%         N/A       98%         3
 Corpse Rot               Necr/Pois/Air  0%         N/A       100%        4
 Alistair's Intoxication  Tmut/Pois      0%         N/A       100%        5
 Borgnjor's Vile Clutch   Necr/Erth      0%         N/A       100%        5
 Metabolic Englaciation   Hex/Ice        0%         N/A       100%        5
 Eringya's Noxious Bog    Tmut/Pois      0%         N/A       100%        6
 Simulacrum               Ice/Necr       0%         N/A       100%        6


Dungeon Overview and Level Annotations

Branches:
Dungeon (3/15)

Altars:
Dithmenos


Innate Abilities, Weirdness & Mutations

You have a pair of small antennae on your head.
You regenerate a little health from kills.
Spells you cast may paralyse adjacent enemies.


Message History

You reach to attack!
You hit the ice beast.
You melt the ice beast.
The ice beast is moderately wounded.
The ice beast struggles against the net.
Reach: s) +0 spear (flame)
Press: ? - help, Dir - move target, f/p - ice beast
Aim: an ice beast (moderately wounded, entangled in a net, about 7% to evade your +0 spear of flaming)
You reach to attack!
You hit the ice beast but do no damage.
The ice beast is moderately wounded.
The ice beast struggles against the net.
Reach: s) +0 spear (flame)
Press: ? - help, Dir - move target, f/p - ice beast
Aim: an ice beast (moderately wounded, entangled in a net, about 7% to evade your +0 spear of flaming)
You reach to attack!
You hit the ice beast but do no damage.
The ice beast is moderately wounded.
The ice beast struggles against the net.
Reach: s) +0 spear (flame)
Press: ? - help, Dir - move target, f/p - ice beast
Aim: an ice beast (moderately wounded, entangled in a net, about 7% to evade your +0 spear of flaming)
You reach to attack!
You hit the ice beast.
You melt the ice beast.
The ice beast is severely wounded.
The ice beast struggles against the net.
The net rips apart, and the ice beast comes free!
Reach: s) +0 spear (flame)
Press: ? - help, Dir - move target, f/p - ice beast
Aim: an ice beast (severely wounded, about 38% to evade your +0 spear of flaming)
You reach to attack!
You barely miss the ice beast.
The ice beast is severely wounded.
Reach: s) +0 spear (flame)
Press: ? - help, Dir - move target, f/p - ice beast
Aim: an ice beast (severely wounded, about 38% to evade your +0 spear of flaming)
You completely miss the ice beast.
The ice beast is severely wounded.
The ice beast hits you but does no damage.
Reach: s) +0 spear (flame)
Press: ? - help, Dir - move target, f/p - ice beast
Aim: an ice beast (severely wounded, about 38% to evade your +0 spear of flaming)
You hit the ice beast.
You melt the ice beast.
The ice beast is almost dead.
The ice beast hits you. The ice beast freezes you!
You die...

#.†......... #..#####.... ##.#
#..... #.####..... .#
##########..##..#...
...##.....##........#...
#................#.####
#.................# .
#....@............# ..
......Y.............# ...
##...................# ....
##......<.........#...
.....######................##..#
.....[...#†.........[... ##..#
.....##....##....[...... ##....
.....##..######..#.###.####..#..
#...#..# .. #.#....##..


You could see an ice beast.

Vanquished Creatures
  Robin (D:2)
  2 adders
  2 worms (D:2)
  2 dart slugs (D:1)
  8 ball pythons
  6 bats
  6 endoplasms
  3 giant cockroaches
  14 goblins
  8 hobgoblins
  8 jackals
  2 kobolds
  A quokka (D:1)
  A frilled lizard (D:1)
  6 rats
70 creatures vanquished.

Notes
Turn   | Place    | Note
-------+----------+-------------------------------------------
     0 | D:1      | blackman the Demonspawn Fighter began the quest for the
                  | Orb.
     0 | D:1      | Reached XP level 1. HP: 18/18 MP: 1/1
   409 | D:1      | Gained mutation: You have a pair of small antennae on your
                  | head. [demonic ancestry]
   409 | D:1      | Reached XP level 2. HP: 22/24 MP: 2/2
   981 | D:1      | Gained mutation: Spells you cast may paralyse adjacent
                  | enemies. [demonic ancestry]
   981 | D:1      | Reached XP level 3. HP: 28/30 MP: 3/3
  1405 | D:2      | Reached skill level 4 in Fighting
  1720 | D:2      | Noticed Robin
  2360 | D:2      | Found a faded altar of an unknown god.
  2375 | D:2      | Prayed at the altar of an unknown god.
  2375 | D:2      | Became a worshipper of Dithmenos the Shadowed
  2375 | D:2      | Reached * piety under Dithmenos
  2388 | D:2      | Fell from the grace of Dithmenos
  2412 | D:2      | Gained mutation: You regenerate a little health from kills.
                  | [demonic ancestry]
  2412 | D:2      | Reached XP level 4. HP: 31/38 MP: 4/4
  2514 | D:2      | Killed Robin
  2770 | D:3      | Reached skill level 5 in Fighting
  2987 | D:3      | Noticed an ice beast
  3009 | D:3      | Slain by an ice beast

Illustrated notes

Levels and vault maps discovered:
D:1:      dpeg_arrival_circle_labyrinth_c, layout_basic
D:2:      layout_loops_corners, chequers_ecumenical_altar_simple, uniq_robin
D:3:      layout_rooms, kennysheep_generic_room_6

Skill      XL: |  1  2  3  4 |
---------------+-------------+-----
Fighting       | 4 5 |  5.2
Axes           | |  1.7
Armour         | |  2.9
Shields        | |  2.9

Action                   |  1- 3 |  4- 6 || total
-------------------------+-------+-------++-------
Melee: War axe           |   112 |     4 ||   116
       Spear             |       |    54 ||    54
Throw: Throwing net      |       |     2 ||     2
Invok: Renounce Religion |     1 |       ||     1
  Use: Scroll            |       |     4 ||     4
Armor: Scale mail        |    81 |    17 ||    98
Dodge: Dodged            |    57 |    29 ||    86
Block: Buckler           |    41 |     9 ||    50
